 Dungeon Crawl Stone Soup version 0.27-a0-898-g810843a28d (webtiles) character file.

Game seed: 1842544847451116754

56 tilp the Chiller (level 3, -3/29 HPs)
             Began as a Demigod Ice Elementalist on Apr 5, 2021.
             Slain by an ogre
             ... wielding a +0 giant spiked club
              (9 damage)
             ... on level 2 of the Dungeon.
             The game lasted 00:03:46 (1776 turns).

tilp the Chiller (Demigod Ice Elementalist)         Turns: 1776, Time: 00:03:47

Health: -3/29      AC:  2    Str:  9    XL:     3   Next: 48%
Magic:  0/8        EV: 12    Int: 21    God:
Gold:   40         SH:  0    Dex: 14    Spells: 2/6 levels left

rFire    . . .     SeeInvis .   c - +0 quarterstaff
rCold    . . .     Faith    .   (shield currently unavailable)
rNeg     . . .     Spirit   .   a - +0 robe
rPois    .         Reflect  .   (no helmet)
rElec    .         Harm     .   (no cloak)
rCorr    .         Rampage  .   (no gloves)
Will     .....                  (no boots)
Stlth    ++........             (no amulet)
HPRegen  0.09/turn              (no ring)
MPRegen  0.11/turn              (no ring)

@: frozen ramparts, very slightly contaminated
A: high mp 1, forlorn
a: no special abilities


You were on level 2 of the Dungeon.
You visited 1 branch of the dungeon, and saw 2 of its levels.

You collected 40 gold pieces.

Inventory:

Hand Weapons
 c - a +0 quarterstaff (weapon)
Missiles
 g - 53 stones
 j - 8 javelins (quivered)
Armour
 a - a +0 robe (worn)
Scrolls
 b - a scroll of teleportation {unknown}
 e - a scroll of torment {unknown}
 f - a scroll of holy word {unknown}
 i - 3 scrolls of identify {unknown}
 k - 3 scrolls of blinking {unknown}
 l - a scroll of enchant weapon {unknown}
Potions
 d - a potion of haste {unknown}
 h - 2 potions of curing {unknown}
 m - a potion of heal wounds {unknown}


   Skills:
 - Level 2.0 Fighting
 - Level 2.0 Dodging
 - Level 2.0 Stealth
 + Level 2.0 Spellcasting
 + Level 4.0 Ice Magic


You had 2 spell levels left.
You knew the following spells:

 Your Spells              Type           Power      Damage    Failure   Level
a - Freeze                Ice            76%        1d9       2%          1
b - Frozen Ramparts       Ice            38%        1d5       9%          3

Your spell library contained the following spells:

 Spells                   Type           Power      Damage    Failure   Level
 Ozocubu's Armour         Ice            19%        N/A       9%          3
 Hailstorm                Conj/Ice       10%        3d5       54%         4
 Summon Ice Beast         Ice/Summ       10%        N/A       54%         4


Dungeon Overview and Level Annotations

Branches:
Dungeon (2/15)


Innate Abilities, Weirdness & Mutations

Your attributes grow dramatically as you level up.
You have an increased reservoir of magic. (+10% MP)
You shall have no god before yourself.


Message History

Confirm with . or Enter, or press ? or * to list all spells.
The spell is quite dangerous to cast (9% risk of failure)!
Continue anyway?
Casting: Frozen Ramparts (quite dangerous; 9% risk of failure)
Press: ? - help, Dir - look around, f - activate The walls around you are covered in ice.
You throw a javelin. The javelin barely misses the ogre.
The wall freezes the ogre.
You throw a javelin.
The javelin pierces through the ogre but does no damage.
The ogre is moderately wounded.
The wall freezes the ogre. x2
The ogre hits you with a +0 giant spiked club!!
Ouch! That really hurt!
* * * LOW HITPOINT WARNING * * *
Casting: Frozen Ramparts (quite dangerous; 9% risk of failure)
Confirm with . or Enter, or press ? or * to list all spells.
Aiming: Freeze (safe; 2% risk of failure)
Press: ? - help, Shift-Dir - straight line, f/p - ogre
Aim: an ogre, wielding a +0 giant spiked club (heavily wounded)
You freeze the ogre.
The ogre is severely wounded.
Unknown command.
Casting: Freeze (safe; 2% risk of failure)
Confirm with . or Enter, or press ? or * to list all spells.
Aiming: Freeze (safe; 2% risk of failure)
Press: ? - help, Shift-Dir - straight line, f/p - ogre
Aim: an ogre, wielding a +0 giant spiked club (severely wounded)
You freeze the ogre.
The ogre is severely wounded.
The wall freezes the ogre.
The ogre closely misses you.
Unknown command.
Casting: Freeze (safe; 2% risk of failure)
Confirm with . or Enter, or press ? or * to list all spells.
You don't have enough magic to cast this spell.
Unknown command.
You hit the ogre but do no damage.
The ogre is almost dead.
The wall freezes the ogre.
The ogre hits you with a +0 giant spiked club!
You die...

>...... +............ #...
..##.####......##...# . #..)
..<....##.....O##...# ....# #...
................(...##.....# ##..
.......##......#....... ...+ .##.
##......########....# ..##.###
##......# #....###+##..#....
#.......########O.......##..#.###
#.##.#..........@#......##.......
. +##+##########(..........<##.
#.....####..###. #...).# #......
#.....# ##.##.. .......# #..#..
.#####.## #..#.. #. ...#.. #+
....#..


You could see an ogre.

Vanquished Creatures
  A worm (D:2)
  3 endoplasms (D:1)
  14 giant cockroaches
  6 hobgoblins
  2 jackals (D:1)
  3 quokkas
  3 ball pythons (D:1)
  3 bats (D:1)
  A frilled lizard (D:2)
  4 goblins
  2 kobolds (D:1)
  2 rats
44 creatures vanquished.

Notes
Turn   | Place    | Note
-------+----------+-------------------------------------------
     0 | D:1      | tilp the Demigod Ice Elementalist began the quest for the
                  | Orb.
     0 | D:1      | Reached XP level 1. HP: 14/14 MP: 5/5
   200 | D:1      | Reached skill level 4 in Ice Magic
   215 | D:1      | Reached XP level 2. HP: 9/20 MP: 0/7
  1043 | D:1      | Reached skill level 1 in Fighting
  1503 | D:2      | Reached XP level 3. HP: 21/28 MP: 3/8
  1507 | D:2      | Learned a level 3 spell: Frozen Ramparts
  1738 | D:2      | Noticed an ogre
  1776 | D:2      | Slain by an ogre

Illustrated notes

Levels and vault maps discovered:
D:1:      mrwooster_arrival_statue, layout_loops_corners,
          ebering_ecumenical_altar_rust, nrook_campfire
D:2:      minmay_roachtagon, layout_basic

Skill      XL: |  1  2  3 |
---------------+----------+-----
Ice Magic      | 4 |  4.0
Spellcasting   | 2 |  2.0
Dodging        | 2 |  2.0
Stealth        | 2 |  2.0
Fighting       | 1 2 |  2.0

Action                   || total
-------------------------++-------
Melee: Quarterstaff      ||    21
Throw: Javelin           ||     4
 Cast: Freeze            ||    45
       Frozen Ramparts   ||     4
 Stab: Sleeping          ||     2
Armor: Robe              ||     7
Dodge: Dodged            ||    33

Table legend: (Time is in decaauts)
 A = Elapsed time spent in this place.
 B = Non-inter-level travel time spent in this place.
 C = Inter-level travel time spent in this place.
 D = Time resting spent in this place.
 E = Time spent auto-exploring this place.
 F = Levels seen in this place.
 G = Mean time per level.
                   A        B        C        D        E       F      G
               +--------+--------+--------+--------+--------+-----+--------+
         Total |   1783 |   1753 |     30 |    426 |   1093 |   2 |  891.5 |
       Dungeon |   1783 |   1753 |     30 |    426 |   1093 |   2 |  891.5 |
               +--------+--------+--------+--------+--------+-----+--------+

Top non-repeatable levels by time:
     D:1: 1425 daAuts
     D:2: 357 daAuts
